Construct Infanterie Kompanie
Selects Mechanized Battlegroup
Infanterie Officer Quarters
Construct Panzergrenadier Kompanie
Pak 40 Anti-tank Gun Team
Panzergrenadier Officer Quarters
Selects 8 Rad Armored Car
Pak 40 Anti-tank Gun Team
Selects Wespe Self-propelled Artillery
Wespe Self-propelled Artillery
Pak 40 Anti-tank Gun Team
Pak 40 Anti-tank Gun Team
Selects Zeroing Artillery Barrage
Construct Panzer Kompanie
Zeroing Artillery Barrage
Selects UNKNOWN (2160084)
Zeroing Artillery Barrage